 Dungeon Crawl Stone Soup version 0.27-a0-423-gf312af23e9 (webtiles) character file.

Game seed: 11622444622770727843

4111 Zonian the Skirmisher (level 10, 0/53 HPs)
             Began as a Vine Stalker Fighter on Feb 27, 2021.
             Was an Initiate of Gozag.
             Slain by a wight
             ... wielding a +0 halberd
              (6 damage)
             ... on level 7 of the Dungeon.
             The game lasted 00:19:43 (8746 turns).

Zonian the Skirmisher (Vine Stalker Fighter)        Turns: 8746, Time: 00:19:43

Health: 0/53       AC: 11    Str: 19    XL:     10   Next: 26%
Magic:  0/11       EV:  8    Int: 11    God:    Gozag
Gold:   661        SH: 17    Dex: 17    Spells: 9/9 levels left

rFire    . . .     SeeInvis .   i - +2 spear (freeze)
rCold    . . .     Faith    .   c - +1 kite shield
rNeg     . . .     Spirit   +   b - +0 scale mail
rPois    .         Reflect  +   o - +1 helmet {Int+3}
rElec    .         Harm     .   (no cloak)
rCorr    .         Rampage  .   v - +0 pair of gloves
Will     +....                  (no boots)
Stlth    ..........             z - amulet of reflection
HPRegen  1.17/turn              (no ring)
MPRegen  0.12/turn              (no ring)

@: about to teleport, gold aura
A: fangs 3, regeneration 1, magic shield, antimagic bite, no potion heal 3
a: Renounce Religion, Potion Petition, Call Merchant, Bribe Branch


You were on level 7 of the Dungeon.
You worshipped Gozag.
Gozag was pleased with you.
You visited 1 branch of the dungeon, and saw 7 of its levels.

You collected 1344 gold pieces.
You paid 683 gold pieces to Gozag.

Inventory:

Hand Weapons
 a - a +0 rapier
 i - a +2 spear of freezing (weapon)
 u - a +0 mace of protection
Missiles
 n - 27 poisoned darts (quivered)
 C - 7 javelins
Armour
 b - a +0 scale mail (worn)
 c - a +1 kite shield (worn)
 o - a +1 helmet of intelligence (worn)
 v - a +0 pair of gloves (worn)
Jewellery
 e - an amulet of magic regeneration
 t - a ring of positive energy
 z - an amulet of reflection (around neck)
Wands
 g - a wand of iceblast (11)
 q - a wand of polymorph (9)
 r - a wand of mindburst (11)
 x - a wand of flame (12)
 y - a wand of digging (4)
Scrolls
 d - 2 scrolls of identify
 h - 2 scrolls of fear
 k - 5 scrolls of teleportation
 l - 2 scrolls of amnesia
 w - 2 scrolls of enchant armour
Potions
 f - a potion of flight
 j - 2 potions of haste
 m - a potion of attraction
 p - a potion of curing {unknown}
 s - a potion of lignification
 A - a potion of resistance
 B - a potion of cancellation {unknown}


   Skills:
 + Level 6.7 Fighting
 - Level 1.9 Short Blades
 + Level 5.9 Polearms
 + Level 6.2 Armour
 + Level 1.0 Stealth
 + Level 6.7 Shields
 + Level 4.7 Evocations


You had 9 spell levels left.
You didn't know any spells.
Your spell library contained the following spells:

 Spells                   Type           Power        Failure   Level
 Animate Skeleton         Necr           0%           95%         1
 Pain                     Necr           0%           95%         1
 Vampiric Draining        Necr           0%           100%        3
 Animate Dead             Necr           0%           100%        4
 Agony                    Necr           0%           100%        5


Dungeon Overview and Level Annotations

Branches:
Dungeon (7/15)
 Temple: D:4-7

Altars:
Cheibriados
Gozag
Kikubaaqudgha
Nemelex Xobeh
Okawaru
Ru
Sif Muna
Uskayaw
Vehumet
Xom

Annotations:
D:4 2 transporters, Xavori's ghost, novice OpCK
D:7 exclusion: statue


Innate Abilities, Weirdness & Mutations

You have razor-sharp teeth.
Your natural rate of healing is unusually fast.
When hurt, damage is shared between your health and your magic reserves.
Your bite disrupts and absorbs the magic of your enemies.
Potions cannot restore your health.


Message History

The orc dies!
You block the wight's attack. Something hits you.
You hear a shout! x2
You hit something. You freeze something. Your bite misses something.
You block the wight's attack.
A wight comes into view. It is wielding a +4 spear.
A kobold comes into view. It is wielding a +0 dagger.
Something hits you!
* * * LOW HITPOINT WARNING * * *
You hit something but do no damage. You bite something. You drain its power.
You feel invigorated.
The wight becomes distracted by the nearby gold, dreaming of imaginary riches.
The wight hits you but does no damage.
The kobold throws a stone.
You reflect the stone off an invisible shield around you!
The stone hits the kobold.
The wight hits you but does no damage.
A wight comes into view. It is wielding a +0 mace.
Okay, then.
As you read the scroll of teleportation, it crumbles to dust.
You feel strangely unstable. Something hits you!
* * * LOW HITPOINT WARNING * * *
The wight hits you but does no damage. x2
A stone appears from out of thin air!
The stone hits you!
* * * LOW HITPOINT WARNING * * *
A wight comes into view.
It is wielding a +3 hand axe of freezing.
There is a fountain of clear blue water here.
You see here 6 gold pieces.
The wight is no longer distracted by gold.
The wight becomes distracted by the nearby gold, dreaming of imaginary riches.
You hit the kobold but do no damage.
The kobold is moderately wounded.
The wight is no longer distracted by gold.
A stone appears from out of thin air!
The stone hits you but does no damage.
The wight becomes distracted by the nearby gold, dreaming of imaginary riches.
You block the kobold's attack.
You hit the kobold. You freeze the kobold.
You kill the kobold!
The wight becomes distracted by the nearby gold, dreaming of imaginary riches.
The wight hits you from afar with a +0 halberd!
You die...
Your body crumbles into a pile of gold.

#....................###
..####...PP.......###
#..####.......# #..#.
#.......# #..'
#.......####
#..####...........
#................#
##$.........#.##..≈
#.@.####...##.#..≈≈
#$$[# #.####.#.≈≈≈ .
#z..# #.......≈.≈≈
#...##+#z$##
#..###....≈≈ ....o..z..'
#..# #....≈.
......zz..#. #.)#
#....≈≈ ###.####..#..
#..# #..≈≈≈≈ # #..#
#'#.## #..≈≈≈≈ '... .#.#
##..≈≈≈


You could see 5 wights.

Vanquished Creatures
  Pikel (D:6)
  Maggie (D:6)
  Edmund (D:6)
  A water moccasin (D:5)
  4 orc warriors
  An ice beast (D:5)
  2 sky beasts
  2 centaurs (D:6)
  4 ogres
  A phantom (D:5)
  4 lemures
  A bullfrog (D:7)
  5 scorpions
  3 killer bees
  5 wights (D:6)
  2 howler monkeys
  2 orc priests
  4 hounds
  A jelly (D:6)
  An iron imp (D:5)
  3 iguanas
  14 orc wizards
  10 worker ants
  A hound zombie (D:7)
  A howler monkey skeleton (D:5)
  11 adders
  A shadow imp (D:6)
  A white imp (D:6)
  An ufetubus (D:4)
  3 oozes
  An adder zombie (D:5)
  An adder skeleton (D:7)
  3 worms
  A dart slug (D:4)
  2 leopard geckos
  29 orcs
  10 giant cockroaches
  9 hobgoblins
  10 jackals
  6 quokkas
  2 ball pythons
  7 bats
  5 frilled lizards
  8 goblins
  14 kobolds
  A leopard gecko zombie (D:5)
  8 rats
209 creatures vanquished.

Vanquished Creatures (others)
  An orc wizard (D:6)
  An orc (D:7)
  4 plants (D:7)
  4 withered plants (D:6)
10 creatures vanquished.

Grand Total: 219 creatures vanquished

Notes
Turn   | Place    | Note
-------+----------+-------------------------------------------
     0 | D:1      | Zonian the Vine Stalker Fighter began the quest for the
                  | Orb.
     0 | D:1      | Reached XP level 1. HP: 11/11 MP: 2/2
     1 | D:1      | Found a shimmering altar of Xom.
   266 | D:1      | Reached XP level 2. HP: 16/16 MP: 3/3
   841 | D:2      | Reached XP level 3. HP: 17/20 MP: 4/4
  1396 | D:2      | Reached skill level 1 in Polearms
  1434 | D:2      | Gained mutation: Your natural rate of healing is unusually
                  | fast. [Vine Stalker growth]
  1434 | D:2      | Reached XP level 4. HP: 21/24 MP: 3/5
  1661 | D:2      | Found an opulent altar of Gozag.
  1670 | D:2      | Became a worshipper of Gozag Ym Sagoz the Greedy
  1756 | D:2      | Found a sacrificial altar of Ru.
  1922 | D:3      | Found a sparkling altar of Nemelex Xobeh.
  1941 | D:3      | Reached XP level 5. HP: 28/28 MP: 6/6
  2408 | D:3      | Reached XP level 6. HP: 28/33 MP: 5/7
  3318 | D:3      | Reached XP level 7. HP: 13/37 MP: 2/8
  4518 | D:4      | Found a transporter.
  4518 | D:4      | Noticed Xavori's ghost (novice OpCK)
  4523 | D:4      | Found a transporter.
  4606 | D:5      | Entered Level 5 of the Dungeon
  4836 | D:5      | Reached skill level 1 in Evocations
  4843 | D:5      | Gained mutation: You have razor-sharp teeth. [Vine Stalker
                  | growth]
  4843 | D:5      | Reached XP level 8. HP: 39/42 MP: 9/9
  4873 | D:4      | Found an iron altar of Okawaru.
  5208 | D:5      | Reached skill level 5 in Fighting
  5286 | D:5      | Reached skill level 5 in Shields
  5504 | D:5      | Found an iron altar of Okawaru.
  5706 | D:6      | Noticed Edmund
  5733 | D:6      | Killed Edmund
  5742 | D:6      | Reached skill level 5 in Armour
  6006 | D:6      | Reached XP level 9. HP: 38/47 MP: 6/10
  6070 | D:6      | Found a hide-covered altar of Uskayaw.
  6137 | D:6      | Found a snail-covered altar of Cheibriados.
  6632 | D:6      | Reached skill level 5 in Polearms
  6689 | D:6      | Noticed Pikel
  6858 | D:6      | Killed Pikel
  7041 | D:6      | Noticed Maggie
  7056 | D:6      | Killed Maggie
  7068 | D:6      | Reached XP level 10. HP: 48/53 MP: 11/11
  7096 | D:6      | Found an ancient bone altar of Kikubaaqudgha.
  7548 | D:6      | Found a shimmering blue altar of Sif Muna.
  7728 | D:7      | Found a radiant altar of Vehumet.
  7856 | D:7      | Found an iron altar of Okawaru.
  8733 | D:7      | Reached skill level 1 in Stealth
  8746 | D:7      | Slain by a wight

Illustrated notes

Levels and vault maps discovered:
D:1:      sevenhm_arrival_forest_fort_small_6, layout_basic
D:2:      layout_rooms, nicolae_overflow_crystal_walls, nicolae_ru_awakened_eye,
          corexii_item_surrounded_by_moat
D:3:      layout_basic, old_standard_altar, minmay_misc_feat_diagonals
D:4:      lemuel_upstairs_altar, layout_cave_pools, gammafunk_ghost_mausoleum
D:5:      layout_cave_pools, lemuel_doored_altar,
          minmay_fractal_squares_diagonal_5
D:6:      layout_loops_cross, nicolae_overflow_hidden_temple, marbit_many_paths,
          slow_altar_1, kiku_gazebo_garden_becter, nicolae_lava_and_water,
          uniq_maggie, uniq_edmund, uniq_pikel
D:7:      corexii_shack_village, layout_loops_ring, ashenzari_altar_1,
          vehumet_statue, minmay_temple_entry_hall,
          chequers_serial_rivers_large_a, okawaru_altar_gauntlet_db

Skill      XL: |  1  2  3  4  5  6  7  8  9 10 |
---------------+-------------------------------+-----
Shields        | 3 4 5 6 |  6.7
Fighting       | 3 4 5 6 |  6.7
Polearms       | 1 2 3 4 5 |  5.9
Armour         | 3 4 5 6 |  6.2
Evocations     | 1 2 4 |  4.7
Stealth        | 1 |  1.0
Short Blades   | |  1.9

Action                   |  1- 3 |  4- 6 |  7- 9 | 10-12 || total
-------------------------+-------+-------+-------+-------++-------
Melee: Rapier            |    18 |       |       |       ||    18
       Bite              |    12 |    43 |   139 |    39 ||   233
       Spear             |    60 |   184 |   441 |   140 ||   825
Invok: Potion Petition   |       |       |       |     1 ||     1
Evoke: Wand              |       |     2 |     9 |     1 ||    12
  Use: Scroll            |       |       |    11 |     4 ||    15
       Potion            |       |       |     4 |       ||     4
 Stab: Distracted        |       |     1 |     2 |     2 ||     5
Armor: Scale mail        |    34 |    89 |   136 |    17 ||   276
       Skin              |       |       |    31 |       ||    31
Dodge: Dodged            |    21 |    49 |    60 |    14 ||   144
Block: Kite shield       |    31 |    91 |   261 |    88 ||   471
       Reflection        |       |       |     4 |    13 ||    17

Table legend: (Time is in decaauts)
 A = Elapsed time spent in this place.
 B = Non-inter-level travel time spent in this place.
 C = Inter-level travel time spent in this place.
 D = Time resting spent in this place.
 E = Time spent auto-exploring this place.
 F = Levels seen in this place.
 G = Mean time per level.
                   A        B        C        D        E       F      G
               +--------+--------+--------+--------+--------+-----+--------+
         Total |   8849 |   8674 |    175 |   3003 |   3639 |   7 | 1264.1 |
       Dungeon |   8849 |   8674 |    175 |   3003 |   3639 |   7 | 1264.1 |
               +--------+--------+--------+--------+--------+-----+--------+

Top non-repeatable levels by time:
     D:3: 2182 daAuts
     D:6: 2130 daAuts
     D:5: 1454 daAuts
     D:1: 1092 daAuts
     D:2: 821 daAuts
     D:4: 639 daAuts
     D:7: 527 daAuts
